Get step-by-step instructions on how to execute this build order below. Start the game timer, and the build order will tick by so you can play in parallel with StarCraft on a second screen or mobile device.

Game Time

  0:00

Last Step

  N/A

Next Step

Upcoming Step



Don't want to look back and forth between 2 screens? Try out our Overwolf App, the Spawning Tool Build Advisor to get an in-game overlay with this build!

Complete Build Order

  8  0:00  SCV  
  9  0:12  SCV  
  10  0:24  SCV  
  11  0:36  SCV  
  11  0:39  Supply Depot  
  12  0:49  SCV  
  13  1:01  SCV  
  13  1:02  Barracks  
  14  1:05  Refinery  
  14  1:13  SCV  
  14  1:16  Refinery  
  15  1:25  SCV  
  16  1:37  SCV  
  17  1:49  Reaper  
  17  1:52  Orbital Command  
  18  2:04  Factory  
  18  2:17  Supply Depot  
  17  2:23  Reaper, SCV  
  19  2:35  SCV  
  20  2:47  SCV  
  21  2:54  Command Center  
  21  3:03  SCV  
  24  3:05  Hellion  
  24  3:13  Barracks Reactor  
  24  3:15  Supply Depot  
  24  3:21  Starport  
  24  3:28  Factory Tech Lab  
  24  3:32  SCV  
  25  3:44  SCV  
  29  3:49  Siege Tank  
  29  3:54  Marine x2  
  31  3:56  SCV  
  32  4:06  Orbital Command  
  32  4:08  SCV  
  33  4:11  Refinery  
  32  4:20  SCV  
  32  4:22  Siege Tank  
  36  4:28  Viking  
  36  4:31  Marine  
  38  4:32  SCV  
  38  4:34  SCV  
  41  4:46  SCV  
  41  4:47  SCV  
  41  4:48  Viking  
  45  4:55  Siege Tank  
  45  4:58  SCV  
  49  5:04  Supply Depot  
  49  5:08  SCV  
  50  5:26  Marine, Viking x2  
  50  5:27  SCV x2  
  57  5:35  Supply Depot  
  57  5:38  Siege Tank  
  57  5:39  SCV  
  57  5:42  SCV  
  62  5:47  Marine  
  57  6:09  SCV  
  56  6:12  Siege Tank  
  56  6:13  Viking x2  
  63  6:20  SCV  
  63  6:21  SCV  
  63  6:31  Refinery  
  63  6:32  SCV  
  64  6:33  SCV  
  65  6:44  SCV  
  65  6:46  Liberator, Command Center  
  69  6:53  Factory Tech Lab  
  69  6:55  SCV  
  69  7:10  Viking  
  71  7:22  Siege Tank  
  61  7:23  SCV x2  
  60  7:34  Factory  
  60  7:35  SCV x2  
  60  7:36  Viking  
  64  7:44  Viking  
  64  7:47  SCV x2  
  65  7:59  SCV x2  
  67  8:08  Viking  
  67  8:11  SCV  
  67  8:12  SCV  
  71  8:20  Factory Tech Lab  
  71  8:23  SCV  
  71  8:26  Cyclone  
  71  8:27  SCV  
  76  8:31  Factory  
  73  8:36  SCV  
  73  8:37  Factory  
  73  8:39  SCV  
  73  8:40  Orbital Command  
  73  8:41  Refinery  
  75  8:45  Engineering Bay  
  75  8:47  Siege Tank, Armory, Viking  
  75  8:48  SCV  
  81  8:54  Refinery  
  81  8:56  SCV  
  81  9:00  Command Center, SCV  
  81  9:01  Siege Tank  
  86  9:11  SCV  
  86  9:13  Supply Depot  
  86  9:14  Supply Depot  
  86  9:16  Viking  
  89  9:20  SCV x2  
  89  9:23  SCV  
  92  9:24  Factory Tech Lab  
  92  9:25  Factory Reactor  
  92  9:27  Mag-Field Accelerator  
  92  9:30  Missile Turret  
  92  9:32  Missile Turret, Cyclone  
  92  9:35  SCV x2  
  92  9:36  SCV  
  98  9:43  Siege Tank  
  98  9:45  Hellion  
  103  9:47  SCV  
  103  9:48  SCV, Armory  
  103  9:50  SCV  
  106  9:54  Viking, Missile Turret  
  106  9:56  Missile Turret  
  109  10:00  SCV  
  109  10:06  SCV  
  110  10:07  Liberator  
  110  10:08  SCV  
  110  10:09  Supply Depot  
  110  10:10  Supply Depot  
  110  10:11  Factory  
  114  10:14  Siege Tank  
  114  10:15  Orbital Command  
  114  10:18  SCV  
  114  10:19  SCV  
  119  10:21  Missile Turret, SCV  
  119  10:22  Sensor Tower  
  119  10:24  Missile Turret  
  119  10:26  Missile Turret  
  120  10:28  Terran Vehicle Weapons Level 1  
  120  10:31  Cyclone  
  120  10:34  SCV x3  
  126  10:41  Siege Tank  
  129  10:42  Missile Turret  
  129  10:47  Missile Turret  
  129  10:50  Missile Turret  
  129  10:51  Cyclone  
  129  10:52  Hellion  
  134  11:00  Orbital Command  
  134  11:01  Supply Depot  
  134  11:03  Cyclone, Refinery  
  137  11:06  Refinery  
  137  11:09  Hellion  
  137  11:10  Factory Tech Lab  
  139  11:13  SCV, Siege Tank  
  139  11:15  SCV x2  
  139  11:18  Viking  
  147  11:23  Cyclone  
  147  11:24  Starport  
  147  11:25  SCV  
  151  11:27  SCV  
  151  11:30  SCV  
  151  11:32  SCV  
  154  11:34  Hellion  
  154  11:38  Cyclone  
  135  11:48  Cyclone, Siege Tank  
  135  11:52  Hellion  
  138  11:55  Cyclone  
  138  12:00  Terran Vehicle And Ship Armor Level 1  
  138  12:02  Hellion  
  138  12:05  SCV x2  
  142  12:10  Siege Tank  
  145  12:18  Orbital Command  
  145  12:19  SCV x3  
  145  12:22  Siege Tank  
  135  12:38  Cyclone, Siege Tank, Hellion  
  135  12:41  Hellion  
  135  12:42  Cyclone  
  145  12:46  SCV  
  145  12:48  Refinery  
  145  12:49  Refinery  
  146  12:54  Siege Tank  
  146  13:00  Hellion  
  146  13:02  SCV x3  
  146  13:03  SCV  
  152  13:08  Missile Turret  
  152  13:09  Sensor Tower, Missile Turret  
  152  13:10  Cyclone  
  155  13:14  SCV, Starport Reactor  
  155  13:16  Supply Depot  
  155  13:17  Supply Depot  
  155  13:18  SCV, Siege Tank  
  155  13:19  Supply Depot  
  160  13:25  Cyclone  
  160  13:26  Siege Tank  
  141  13:33  Liberator x2  
  142  13:42  Cyclone  
  142  13:45  Hellion  
  142  13:46  SCV  
  148  13:50  Siege Tank, Hellion  
  148  13:53  Supply Depot  
  153  13:57  Cyclone  
  153  13:58  Cyclone  
  158  14:04  Terran Vehicle Weapons Level 2  
  158  14:06  SCV x2, Hellion  
  162  14:12  SCV  
  162  14:13  Hellion  
  162  14:14  Cyclone  
  162  14:15  Command Center  
  168  14:22  Siege Tank  
  171  14:27  SCV x3  
  171  14:28  Hellion  
  171  14:29  Cyclone, Factory  
  171  14:30  Siege Tank  
  182  14:34  Hellion  
  182  14:38  Missile Turret  
  184  14:39  Missile Turret  
  184  14:45  Terran Vehicle And Ship Armor Level 2  
  184  14:46  Command Center, Cyclone  
  184  14:49  Hellion  
  189  14:54  Siege Tank  
  189  14:56  Hellion  
  194  15:01  Hellion  
  196  15:07  Supply Depot  
  196  15:09  Supply Depot  
  196  15:10  Cyclone  
  189  15:18  Siege Tank  
  172  15:23  Cyclone  
  172  15:26  Cyclone  
  170  15:37  Hellion  
  168  15:42  Siege Tank  
  158  15:50  Cyclone  
  158  15:55  Siege Tank  
  162  15:58  Command Center  
  162  15:59  Cyclone  
  162  16:00  Hellion  
  162  16:01  Hellion x2  
  171  16:14  SCV  
  171  16:15  Siege Tank, SCV  
  171  16:16  Liberator, SCV  
  180  16:21  Hellion  
  180  16:22  Cyclone  
  184  16:27  Siege Tank, Refinery  
  184  16:30  Planetary Fortress  
  184  16:32  Refinery  
  184  16:37  Missile Turret x2  
  184  16:38  Missile Turret  
  184  16:43  Missile Turret x2  
  184  16:45  Cyclone  
  184  16:46  Hellion  
  186  16:54  SCV x2  
  187  16:57  Cyclone  
  187  16:58  Siege Tank, Hellion  
  187  16:59  Hellion x2  
  198  17:07  Hellion  
  199  17:22  Command Center  
  196  17:24  Command Center  
  193  17:31  Cyclone  
  194  17:41  Cyclone, Siege Tank  
  194  17:42  Hellion  
  199  17:50  SCV  
  200  18:06  Refinery  
  200  18:10  Cyclone, Siege Tank  
  200  18:11  Hellion  
  184  18:23  SCV x2  
  186  18:27  Missile Turret  
  173  18:45  Cyclone, Siege Tank, Hellion  
  173  18:47  Cyclone  
  184  18:50  Supply Depot  
  184  18:51  Missile Turret  
  180  18:58  Cyclone  
  180  18:59  Hellion  
  152  19:17  Siege Tank, Hellion x2, Cyclone  
  152  19:19  Siege Tank  
  152  19:22  Refinery  
  163  19:24  Refinery  
  154  19:40  Cyclone, Hellion  
  159  19:49  Siege Tank  
  159  19:51  Orbital Command  
  162  19:53  Cyclone, Hellion  
  162  19:57  Orbital Command x2  
  162  19:59  SCV x2  
  169  20:08  Terran Vehicle Weapons Level 3  
  169  20:11  SCV x2  
  171  20:19  Liberator  
  174  20:28  Cyclone  
  174  20:29  Hellion  
  171  20:45  Infernal Pre-Igniter  
  150  21:05  Cyclone, Siege Tank, Hellion  
  158  21:19  Orbital Command  
  158  21:21  Cyclone  
  158  21:22  Hellion  
  163  21:33  Orbital Command  
  163  21:37  Cyclone  
  163  21:38  Hellion  
  106  21:51  Orbital Command  
  106  21:56  Refinery  
  106  21:57  Refinery  
  106  22:03  Cyclone, Siege Tank, Hellion  
  110  22:17  Cyclone, Hellion  
  115  22:24  SCV x2  
  115  22:25  SCV x2  
  115  22:28  Refinery  
  119  22:43  Cyclone  
  118  22:44  Hellion